3R
SANTA FE REVOLVERS @ BOMPTON BABY LAKERS
05/05/2034
 
TOP OF THE 1ST
Santa Fe Revolvers batting - Pitching for Bompton Baby Lakers : RHP Guido Baldee
Pitching: RHP Guido Baldee
Batting: RHB Vesa Karpinen 0-0: Called Strike
0-1: Called Strike
0-2: Ground out 6-3 (Groundball, 6M)
Batting: LHB Q' Drennan 0-0: Ball
1-0: Ground out U3 (Groundball, 3S)
Batting: RHB Brook Linen 0-0: Ball
1-0: Ground out 1-3 (Groundball, 13)
Top of the 1st over - 0 runs, 0 hits, 0 errors, 0 left on base; Santa Fe 0 - Bompton 0
BOTTOM OF THE 1ST
Bompton Baby Lakers batting - Pitching for Santa Fe Revolvers : RHP Tynan Brown
Pitching: RHP Tynan Brown
Batting: RHB Jiao-long Xú 0-0: Ball
1-0: Ball
2-0: Called Strike
2-1: Fly out, F8 (Flyball, 8RD)
Batting: RHB Carlos Hernández 0-0: Called Strike
0-1: SINGLE (Groundball, 6MD)
Batting: RHB Bailey Gribbins 0-0: Foul Ball, location: 2F
0-1: Ball
1-1: Foul Ball, location: 2F
1-2: SINGLE (Line Drive, 8LS)
Carlos Hernández to second
Batting: RHB William Luna 0-0: Ball
1-0: Grounds into double play, 4-6-3 (Groundball, 34)
Bottom of the 1st over - 0 runs, 2 hits, 0 errors, 1 left on base; Santa Fe 0 - Bompton 0
TOP OF THE 2ND
Santa Fe Revolvers batting - Pitching for Bompton Baby Lakers : RHP Guido Baldee
Batting: RHB Timo Zwiefelhofer 0-0: Ball
1-0: Called Strike
1-1: Fly out, F9 (Line Drive, 9D)
Batting: LHB Leilani Aberahama 0-0: Foul Ball, location: 2F
0-1: Ball
1-1: Ball
2-1: Called Strike
2-2: Ground out 5-3 (Groundball, 56)
Batting: RHB Gary Ellis 0-0: Ball
1-0: Called Strike
1-1: Ball
2-1: SINGLE (Flyball, 9LS)
Batting: RHB Eric Landry 0-0: SINGLE (Line Drive, 4D)
Gary Ellis to second
Batting: LHB Sean Cox 0-0: Swinging Strike
0-1: Ball
1-1: SINGLE (Line Drive, 89S)
Gary Ellis to third
Eric Landry to second
Runner from 3rd tries for Home, SAFE, throw made home
Batting: RHB Gerold Kent 0-0: Called Strike
0-1: Swinging Strike
0-2: Ball
1-2: Ball
2-2: Fly out, F8 (Flyball, 8LD)
Top of the 2nd over - 1 run, 3 hits, 0 errors, 2 left on base; Santa Fe 1 - Bompton 0
BOTTOM OF THE 2ND
Bompton Baby Lakers batting - Pitching for Santa Fe Revolvers : RHP Tynan Brown
Batting: RHB Joe Smith 0-0: Ball
1-0: DOUBLE (Line Drive, 9LM)
Batting: RHB Guo Chen 0-0: Ball
1-0: Ball
2-0: Called Strike
2-1: Fly out, F8 (Flyball, 8RM)
Batting: RHB De-wei Mo 0-0: Ball
1-0: Called Strike
1-1: Ball
2-1: Foul Ball, location: 2F
2-2: Ball
Passed Ball!
Joe Smith to third
3-2: DOUBLE (Line Drive, 8LXD)
Joe Smith scores
Batting: RHB Felipe Gonzáles 0-0: Ball
1-0: Foul Ball, location: 2F
1-1: Foul Ball, location: 2F
1-2: Fly out, F8 (Flyball, 8LS)
Batting: RHB George Towns 0-0: Hit by Pitch
Batting: RHB Jiao-long Xú 0-0: Ball
1-0: Called Strike
1-1: Called Strike
1-2: Fielders Choice at 2nd, 5-4 (Groundball, 56)
Bottom of the 2nd over - 1 run, 2 hits, 0 errors, 2 left on base; Santa Fe 1 - Bompton 1
TOP OF THE 3RD
Santa Fe Revolvers batting - Pitching for Bompton Baby Lakers : RHP Guido Baldee
Batting: RHB Vesa Karpinen 0-0: Called Strike
0-1: Swinging Strike
0-2: Ground out 5-3 (Groundball, 56)
Batting: LHB Q' Drennan 0-0: Ball
1-0: TRIPLE (Line Drive, 89D)
Batting: RHB Brook Linen 0-0: Swinging Strike
0-1: Hit by Pitch
Batting: RHB Timo Zwiefelhofer 0-0: Foul Ball, location: 2F
0-1: Ball
1-1: Foul Ball, location: 2F
1-2: Foul Ball, location: 2F
1-2: Foul Ball, location: 2F
1-2: SINGLE (Line Drive, 9S)
Q' Drennan scores
Brook Linen to second
Runner from 2nd tries for 3rd, SAFE, throw made to third
Batting: LHB Leilani Aberahama 0-0: Ball
1-0: Ball
2-0: Ball
3-0: Called Strike
3-1: Swinging Strike
3-2: Strikes out swinging
Batting: RHB Gary Ellis 0-0: SINGLE (Line Drive, 4D)
Brook Linen scores
Timo Zwiefelhofer to second
Batting: RHB Eric Landry 0-0: Called Strike
0-1: Fielders Choice at 2nd, 6-4 (Groundball, 6)
Top of the 3rd over - 2 runs, 3 hits, 0 errors, 2 left on base; Santa Fe 3 - Bompton 1
BOTTOM OF THE 3RD
Bompton Baby Lakers batting - Pitching for Santa Fe Revolvers : RHP Tynan Brown
Batting: RHB Carlos Hernández 0-0: Called Strike
0-1: SINGLE (Flyball, 7LM)
Batting: RHB Bailey Gribbins 0-0: Ground out 5-3 (Groundball, 5S)
Carlos Hernández to second
Batting: RHB William Luna 0-0: Swinging Strike
0-1: Foul Ball, location: 2F
0-2: Ball
1-2: Foul Ball, location: 2F
1-2: Strikes out swinging
Batting: RHB Joe Smith 0-0: Ball
1-0: Fly out, F8 (Flyball, 8LM)
Bottom of the 3rd over - 0 runs, 1 hit, 0 errors, 1 left on base; Santa Fe 3 - Bompton 1
TOP OF THE 4TH
Santa Fe Revolvers batting - Pitching for Bompton Baby Lakers : RHP Guido Baldee
Batting: LHB Sean Cox 0-0: Ground out U3 (Groundball, 34S)
Batting: RHB Gerold Kent 0-0: Called Strike
0-1: Ball
1-1: Ball
2-1: Fly out, F5 (Line Drive, 5S)
Batting: RHB Vesa Karpinen 0-0: Called Strike
0-1: Ball
1-1: Called Strike
1-2: Foul Ball, location: 2F
1-2: SINGLE (Line Drive, 34D)
Batting: LHB Q' Drennan 0-0: Ball
1-0: Ball
2-0: Foul Ball, location: 2F
2-1: Foul Ball, location: 2F
2-2: Fly out, F3 (Line Drive, 34)
Top of the 4th over - 0 runs, 1 hit, 0 errors, 1 left on base; Santa Fe 3 - Bompton 1
BOTTOM OF THE 4TH
Bompton Baby Lakers batting - Pitching for Santa Fe Revolvers : RHP Tynan Brown
Batting: RHB Guo Chen 0-0: Foul Ball, location: 2F
0-1: Ball
1-1: Ball
2-1: Ball
3-1: Foul Ball, location: 2F
3-2: Foul Ball, location: 2F
3-2: Fly out, F3 (Popup, 3SF)
Batting: RHB De-wei Mo 0-0: Foul Ball, location: 2F
0-1: Ball
1-1: Swinging Strike
1-2: Strikes out looking
Batting: RHB Felipe Gonzáles 0-0: Ball
1-0: Called Strike
1-1: SINGLE (Flyball, 8LS)
Batting: RHB George Towns 0-0: Ball
1-0: Ball
2-0: Foul Ball, location: 2F
2-1: Foul Ball, location: 2F
2-2: Ground out 4-3 (Groundball, 4)
Bottom of the 4th over - 0 runs, 1 hit, 0 errors, 1 left on base; Santa Fe 3 - Bompton 1
TOP OF THE 5TH
Santa Fe Revolvers batting - Pitching for Bompton Baby Lakers : RHP Guido Baldee
Batting: RHB Brook Linen 0-0: Called Strike
0-1: Ball
1-1: Foul Ball, location: 2F
1-2: Strikes out swinging
Batting: RHB Timo Zwiefelhofer 0-0: Ball
1-0: Foul Ball, location: 2F
1-1: Ball
2-1: Ball
3-1: Ground out 5-3 (Groundball, 5L)
Batting: LHB Leilani Aberahama 0-0: Called Strike
0-1: Ball
1-1: Foul Ball, location: 2F
1-2: Foul Ball, location: 2F
1-2: Ball
2-2: Ground out U3 (Groundball, 3)
Top of the 5th over - 0 runs, 0 hits, 0 errors, 0 left on base; Santa Fe 3 - Bompton 1
BOTTOM OF THE 5TH
Bompton Baby Lakers batting - Pitching for Santa Fe Revolvers : RHP Tynan Brown
Batting: RHB Jiao-long Xú 0-0: Ball
1-0: Ball
2-0: Ball
3-0: Base on Balls
Batting: RHB Carlos Hernández 0-0: Sac Bunt - play at first, batter OUT! 2-3
Jiao-long Xú to second
Batting: RHB Bailey Gribbins 0-0: Foul Ball, location: 2F
0-1: Foul Ball, location: 2F
0-2: Ball
1-2: Fly out, F9 (Flyball, 89M)
Batting: RHB William Luna 0-0: Fly out, F9 (Flyball, 9LMF)
Bottom of the 5th over - 0 runs, 0 hits, 0 errors, 1 left on base; Santa Fe 3 - Bompton 1
TOP OF THE 6TH
Santa Fe Revolvers batting - Pitching for Bompton Baby Lakers : RHP Guido Baldee
Batting: RHB Gary Ellis 0-0: Called Strike
0-1: Foul Ball, location: 2F
0-2: Ball
1-2: Fly out, F5 (Popup, 5SF)
Batting: RHB Eric Landry 0-0: Foul Ball, location: 2F
0-1: SINGLE (Flyball, 56D)
Batting: LHB Sean Cox 0-0: Fly out, F8 (Flyball, 8LD)
Batting: RHB Gerold Kent 0-0: Ball
1-0: Fly out, F9 (Flyball, 9LS)
Top of the 6th over - 0 runs, 1 hit, 0 errors, 1 left on base; Santa Fe 3 - Bompton 1
BOTTOM OF THE 6TH
Bompton Baby Lakers batting - Pitching for Santa Fe Revolvers : RHP Tynan Brown
Batting: RHB Joe Smith 0-0: SOLO HOME RUN (Flyball, 89XD), Distance : 416 ft
Batting: RHB Guo Chen 0-0: Ball
1-0: Ball
2-0: Reached on error, E3 (Groundball, 3)
Batting: RHB De-wei Mo 0-0: Ball
1-0: Called Strike
1-1: Foul Ball, location: 2F
1-2: Foul Ball, location: 2F
1-2: Ball
2-2: Ball
3-2: Base on Balls
Guo Chen to second
Batting: RHB Felipe Gonzáles 0-0: Ball
1-0: Called Strike
1-1: Called Strike
1-2: Foul Ball, location: 2F
1-2: Fly out, F9 (Flyball, 89M)
Batting: RHB George Towns 0-0: Ball
1-0: Ball
2-0: Foul Ball, location: 2F
2-1: Foul Ball, location: 2F
2-2: Ball
3-2: Base on Balls
Guo Chen to third
De-wei Mo to second
Batting: RHB Jiao-long Xú 0-0: Called Strike
0-1: Ball
Wild Pitch!
Guo Chen scores
De-wei Mo to third
George Towns to second
1-1: Ball
2-1: Called Strike
2-2: Ball
3-2: Fly out, F4 (Popup, 3D)
Batting: RHB Carlos Hernández 0-0: Called Strike
0-1: Foul Ball, location: 2F
0-2: Foul Ball, location: 2F
0-2: Fly out, F8 (Line Drive, 78D)
Bottom of the 6th over - 2 runs, 1 hit, 1 error, 2 left on base; Santa Fe 3 - Bompton 3
TOP OF THE 7TH
Santa Fe Revolvers batting - Pitching for Bompton Baby Lakers : RHP Guido Baldee
Batting: RHB Vesa Karpinen 0-0: Ball
1-0: Fly out, F8 (Flyball, 8LM)
Batting: LHB Q' Drennan 0-0: Ball
1-0: Called Strike
1-1: SINGLE (Line Drive, 4D)
Batting: RHB Brook Linen 0-0: Called Strike
0-1: Ball
1-1: Hit by Pitch
Q' Drennan to second
Batting: RHB Timo Zwiefelhofer 0-0: Called Strike
0-1: SINGLE (Flyball, 9LS)
Q' Drennan to third
Brook Linen to second
Pitching: LHP Laurens Bancroft
Batting: LHB Leilani Aberahama 0-0: Foul Ball, location: 2F
0-1: Called Strike
0-2: Ball
1-2: Ball
2-2: Ball
3-2: Fly out, F7 (Flyball, 7)
Runner from 3rd tags up, SCORES, no throw
Batting: RHB Gary Ellis 0-0: Ball
1-0: Ball
2-0: Ball
3-0: Called Strike
3-1: Ground out 1-3 (Groundball, 15S)
Top of the 7th over - 1 run, 2 hits, 0 errors, 2 left on base; Santa Fe 4 - Bompton 3
BOTTOM OF THE 7TH
Bompton Baby Lakers batting - Pitching for Santa Fe Revolvers : RHP Tynan Brown
Batting: RHB Bailey Gribbins 0-0: Ball
1-0: Swinging Strike
1-1: Ball
2-1: DOUBLE (Line Drive, 8LD)
Batting: RHB William Luna 0-0: Swinging Strike
0-1: Foul Ball, location: 2F
0-2: Strikes out swinging
Pitching: RHP José Castillo
Batting: RHB Joe Smith 0-0: Ball
1-0: Called Strike
1-1: Ball
2-1: Called Strike
2-2: Ball
3-2: Fly out, F9 (Flyball, 9)
Batting: RHB Guo Chen 0-0: Ground out 4-3 (Groundball, 4)
Bottom of the 7th over - 0 runs, 1 hit, 0 errors, 1 left on base; Santa Fe 4 - Bompton 3
TOP OF THE 8TH
Santa Fe Revolvers batting - Pitching for Bompton Baby Lakers : LHP Laurens Bancroft
Batting: RHB Eric Landry 0-0: Called Strike
0-1: Ball
1-1: Fly out, F8 (Line Drive, 8RD)
Batting: LHB Sean Cox 0-0: Foul Ball, location: 2F
0-1: Called Strike
0-2: Strikes out looking
Batting: RHB Gerold Kent 0-0: Called Strike
0-1: Called Strike
0-2: Strikes out swinging
Top of the 8th over - 0 runs, 0 hits, 0 errors, 0 left on base; Santa Fe 4 - Bompton 3
BOTTOM OF THE 8TH
Bompton Baby Lakers batting - Pitching for Santa Fe Revolvers : RHP José Castillo
Now at SS: Carroll Stevens
Now in RF: Javier Silva
Batting: RHB De-wei Mo 0-0: Ball
1-0: Called Strike
1-1: Called Strike
1-2: Ground out 5-3 (Groundball, 5)
Batting: RHB Felipe Gonzáles 0-0: Called Strike
0-1: SOLO HOME RUN (Flyball, 9LD), Distance : 340 ft
Batting: RHB George Towns 0-0: Ground out 5-3 (Groundball, 56)
Batting: RHB Jiao-long Xú 0-0: Ball
1-0: Ground out 4-3 (Groundball, 4)
Bottom of the 8th over - 1 run, 1 hit, 0 errors, 0 left on base; Santa Fe 4 - Bompton 4
TOP OF THE 9TH
Santa Fe Revolvers batting - Pitching for Bompton Baby Lakers : LHP Laurens Bancroft
Pitching: RHP Jesús Alonso
Batting: RHB Vesa Karpinen 0-0: Called Strike
0-1: Swinging Strike
0-2: Ball
1-2: SINGLE (Groundball, 56S) (infield hit)
Batting: LHB Q' Drennan 0-0: Called Strike
Vesa Karpinen steals 2nd base
0-1: Ball
1-1: Sac Bunt - play at first, batter OUT! 1-3
Vesa Karpinen to third
Batting: RHB Brook Linen 0-0: Ball
1-0: Swinging Strike
1-1: Ball
Error on foul ball, E2
2-2: Strikes out looking
Batting: RHB Timo Zwiefelhofer 0-0: Foul Ball, location: 2F
0-1: Swinging Strike
0-2: Ball
1-2: Foul Ball, location: 2F
1-2: Strikes out swinging
Top of the 9th over - 0 runs, 1 hit, 1 error, 1 left on base; Santa Fe 4 - Bompton 4
BOTTOM OF THE 9TH
Bompton Baby Lakers batting - Pitching for Santa Fe Revolvers : RHP José Castillo
Batting: RHB Carlos Hernández 0-0: Called Strike
0-1: Ball
1-1: Ball
2-1: Foul Ball, location: 2F
2-2: Strikes out looking
Batting: RHB Bailey Gribbins 0-0: Called Strike
0-1: Foul Ball, location: 2F
0-2: Ball
1-2: Ball
2-2: Strikes out swinging
Batting: RHB William Luna 0-0: Ball
1-0: Called Strike
1-1: Ball
2-1: Ball
3-1: SOLO HOME RUN (Flyball, 9LD), Distance : 349 ft
Friday, March 29th, 2019 - OOTP Baseball 18.8 Build 76